[Event "*** Titled Tuesday Blitz"]
[Site "Chess.com"]
[Date "2021.02.09"]
[Round "9"]
[White "dopolian"]
[Black "FMalexhdez"]
[Result "1-0"]
[WhiteElo "2379"]
[BlackElo "2175"]
[TimeControl "180+1"]
[EndTime "11:41:17 PST"]
[Termination "dopolian won by resignation"]

1. e4 c5 2. Nf3 d6 3. d4 cxd4 4. Nxd4 Nf6 5. Nc3 a6 6. h3 e5 7. Nde2 h5 8. g3 Be7 9. Bg2 Be6 10.
O-O Nbd7 11. a4 Qc7 12. Bg5 Rc8 13. Qd2 Nc5 14. Rfd1 Rd8 15. Bxf6 Bxf6 16. Nd5 Qc6 17. Nxf6+ gxf6 18. Nc3 Qc8 19. h4 f5 20. exf5 Bxf5 21. Nd5 Ne4 22. Bxe4 Bxe4 23. Nf6+ 1-0

[Event "*** Titled Tuesday Blitz"]
[Site "Chess.com"]
[Date "2021.02.09"]
[Round "9"]
[White "Srisshhhtea"]
[Black "JoachimMouhamad"]
[Result "1-0"]
[WhiteElo "2505"]
[BlackElo "2382"]
[TimeControl "180+1"]
[EndTime "11:41:45 PST"]
[Termination "Srisshhhtea won by resignation"]

1. d4 Nf6 2. c4 g6 3. Nc3 d5 4.
Nf3 Bg7 5. Bf4 O-O 6. e3 c5 7. dxc5 Be6 8. Nd4 Bg4 9. Be2 Bxe2 10. Qxe2 Na6 11. c6 bxc6 12. Nxc6 Qd7 13. cxd5 Nh5 14.
Qxa6 Nxf4 15. exf4 e6 16. O-O exd5 17. Nxd5 Rfe8 18.
Rad1 Qg4 19. Nc7 Qxf4 20. Nxa8 Rxa8 21. Qb7 Re8 22. Qd7 Rf8 23. b3 h5 24. Rd3 h4 25.
Rf3 Qg5 26. Re1 Qg4 27. Qxg4 1-0

[Event "*** Titled Tuesday Blitz"]
[Site "Chess.com"]
[Date "2021.02.09"]
[Round "9"]
[White "GameOverBro"]
[Black "DenLaz"]
[Result "0-1"]
[WhiteElo "2419"]
[BlackElo "2770"]
[TimeControl "180+1"]
[EndTime "11:41:55 PST"]
[Termination "DenLaz won by resignation"]

1. e4 e5 2. Nf3 Nf6 3. d4 Nxe4 4. Bd3 d5 5. Nxe5 Bd6 6. O-O O-O 7. Nc3 Nxc3 8. bxc3 Nc6 9. Nxc6 bxc6 10. Qh5 g6 11.
Qf3 Qh4 12. g3 Qg4 13. Qf6 Qe6 14. Bg5 Qxf6 15. Bxf6 Bh3 16. Rfe1 Rab8 17. Rab1 Rb6 18. c4 dxc4 19. Bxc4 c5 20. dxc5 Bxc5 21. Rb3 Rxf6 0-1

[Event "*** Titled Tuesday Blitz"]
[Site "Chess.com"]
[Date "2021.02.09"]
[Round "9"]
[White "Yaryi_sergey"]
[Black "jorquerino"]
[Result "1-0"]
[WhiteElo "2476"]
[BlackElo "2281"]
[TimeControl "180+1"]
[EndTime "11:41:57 PST"]
[Termination "Yaryi_sergey won by resignation"]

1. e4 d5 2. d3 e5 3. Nc3 Nf6 4. Nf3 Nc6 5. Be2 Bb4 6. Bd2 O-O 7.
O-O Bxc3 8. Bxc3 Qd6 9. exd5 Nxd5 10. Bd2 h6 11. a3 Qf6 12. c4 Nf4 13. Bxf4 Qxf4 14.
Qc1 Qf6 15. h3 Rd8 16. b4 Nd4 17. Nxd4 Rxd4 18. Qe3 Bf5 19. Rab1 b6 20. f4 exf4 21. Rxf4 Rad8 22. Rbf1 Rxf4 23. Qxf4 Bxd3 24. Qxf6 gxf6 25. Rd1 1-0

[Event "*** Titled Tuesday Blitz"]
[Site "Chess.com"]
[Date "2021.02.09"]
[Round "9"]
[White "K_A_S_T_O_R"]
[Black "Artem_Sadovsky"]
[Result "1-0"]
[WhiteElo "2791"]
[BlackElo "2541"]
[TimeControl "180+1"]
[EndTime "11:42:00 PST"]
[Termination "K_A_S_T_O_R won by resignation"]

1. e4 g6 2. d4 Bg7 3. Nf3 d6 4.
Bc4 e6 5. Bb3 Ne7 6. O-O h6 7.
Re1 g5 8. h3 Ng6 9. c3 Nd7 10.
Nbd2 O-O 11. Nf1 Nf4 12. Ng3 e5 13. Nf5 Qf6 14. g3 Nxh3+ 15. Kg2 g4 16. Nh2 h5 17.
Nxg4 hxg4 18. Qxg4 Nb6 19. Rh1 Bxf5 20. exf5 Nxf2 21.
Kxf2 exd4 22. Bg5 Qe5 23. Rae1 Qc5 24. Bf6 1-0

[Event "*** Titled Tuesday Blitz"]
[Site "Chess.com"]
[Date "2021.02.09"]
[Round "9"]
[White "LogoCzar"]
[Black "SaqoChess_Twitch"]
[Result "1-0"]
[WhiteElo "2406"]
[BlackElo "2535"]
[TimeControl "180+1"]
[EndTime "11:42:08 PST"]
[Termination "LogoCzar won by resignation"]

1. d4 d5 2. c4 e6 3. Nc3 Nf6 4. Bg5 Be7 5. e3 O-O 6. Qc2 b6 7.
cxd5 Nxd5 8. Bxe7 Qxe7 9. Nxd5 exd5 10. Nf3 c5 11. dxc5 bxc5 12. Be2 Be6 13. O-O Nd7 14.
Rac1 Rfc8 15. b3 a5 16. e4 dxe4 17. Qxe4 a4 18. Bc4 axb3 19. axb3 Nf6 20. Qe2 Rab8 21.
Ng5 Re8 22. Rfe1 Nd5 23. Nxe6 Qxe6 24. Qd2 Qxe1+ 25. Rxe1 Nf6 26. Rxe8+ Rxe8 27. f3 g6 28. Qd6 Kg7 29. Qxc5 h5 30. Qc7 Rf8 31. b4 Ne8 32. Qe7 Nf6 33. b5 Ng8 34. Qc7 Ra8 35. Qxf7+ Kh6 36. Qxg8 Rxg8 37. Bxg8 1-0

[Event "*** Titled Tuesday Blitz"]
[Site "Chess.com"]
[Date "2021.02.09"]
[Round "9"]
[White "juli2512"]
[Black "AurumO"]
[Result "1-0"]
[WhiteElo "2174"]
[BlackElo "1901"]
[TimeControl "180+1"]
[EndTime "11:42:15 PST"]
[Termination "juli2512 won by resignation"]

1. e4 c5 2. d3 Nc6 3. Nd2 g6 4. g3 Bg7 5. Bg2 e6 6. f4 Nge7 7. Ngf3 O-O 8. O-O d5 9. e5 Nd4 10. Nxd4 cxd4 11. Nf3 Nc6 12. c3 dxc3 13. bxc3 d4 14.
c4 Qd7 15. Ba3 Rd8 16. Re1 b6 17. Ng5 h6 18. Ne4 Bb7 19. Nf6+ Bxf6 20. exf6 Na5 21.
Qd2 Bxg2 22. Qxg2 Qc6 23. Qh3 Kh7 24. g4 Nb7 25. Re5 Nc5 26. Rf1 Rac8 27. Rf3 Qa4 28. Qxh6+ 1-0

[Event "*** Titled Tuesday Blitz"]
[Site "Chess.com"]
[Date "2021.02.09"]
[Round "9"]
[White "elohunter1999"]
[Black "ChelsieMonica"]
[Result "1-0"]
[WhiteElo "2639"]
[BlackElo "2344"]
[TimeControl "180+1"]
[EndTime "11:42:24 PST"]
[Termination "elohunter1999 won by resignation"]

1. d4 Nf6 2. c4 c5 3. d5 e5 4. Nc3 d6 5. e4 g6 6. Nf3 Bg7 7. Be2 O-O 8. O-O a6 9. a3 h6 10. b4 Nbd7 11. Rb1 a5 12. Ne1 axb4 13. axb4 cxb4 14.
Rxb4 Nc5 15. f3 g5 16. Be3 Nh5 17. Nd3 Nxd3 18. Bxd3 Nf4 19. Qd2 f5 20. exf5 Bxf5 21. Bxf5 Rxf5 22. Ne4 Rf7 23. Rfb1 Bf8 24. Rxb7 Rxb7 25.
Rxb7 Ra1+ 26. Kf2 Ra3 27. Qc2 Nd3+ 28. Ke2 Ra2 29. Qxa2 1-0

[Event "*** Titled Tuesday Blitz"]
[Site "Chess.com"]
[Date "2021.02.09"]
[Round "9"]
[White "KyronGriffith"]
[Black "Jungle_Jaguar"]
[Result "1-0"]
[WhiteElo "2538"]
[BlackElo "2635"]
[TimeControl "180+1"]
[EndTime "11:42:33 PST"]
[Termination "KyronGriffith won by checkmate"]

1. e4 e5 2. Nf3 Nc6 3. Nc3 Nf6 4. d4 exd4 5. Nxd4 Bb4 6. Nxc6 bxc6 7. Bd3 O-O 8. O-O Re8 9. Qf3 Rb8 10. Bg5 Bd6 11. Rab1 Be5 12. Bf4 d6 13. Bxe5 Rxe5 14. Qg3 Qe7 15.
f4 Ra5 16. Rbe1 Nh5 17. Qf3 Qh4 18. e5 d5 19. f5 d4 20. Qxc6 dxc3 21. Qe8# 1-0

[Event "*** Titled Tuesday Blitz"]
[Site "Chess.com"]
[Date "2021.02.09"]
[Round "9"]
[White "Vesper2018"]
[Black "SanQui14"]
[Result "1-0"]
[WhiteElo "2594"]
[BlackElo "2462"]
[TimeControl "180+1"]
[EndTime "11:42:35 PST"]
[Termination "Vesper2018 won by resignation"]

1. e4 c5 2. Nc3 g6 3. g3 Bg7 4. Bg2 Nc6 5. d3 d6 6. Be3 e6 7. Nge2 Nge7 8. Qd2 h6 9. O-O Nd4 10.
Nc1 Qa5 11. Nb3 Nxb3 12. axb3 Qd8 13. d4 b6 14. e5 d5 15. dxc5 bxc5 16. Bxc5 Bxe5 17.
Rfe1 Nc6 18. f4 Bd6 19. Qxd5 Bxc5+ 20. Qxc5 Bd7 21. Bxc6 Rc8 22. Bxd7+ Qxd7 23. Qxa7 Qc6 24. Qa4 1-0

[Event "*** Titled Tuesday Blitz"]
[Site "Chess.com"]
[Date "2021.02.09"]
[Round "9"]
[White "ZarinaShafigullina"]
[Black "Korchmar_Vasiliy"]
[Result "0-1"]
[WhiteElo "2433"]
[BlackElo "2593"]
[TimeControl "180+1"]
[EndTime "11:42:38 PST"]
[Termination "Korchmar_Vasiliy won by resignation"]

1. d4 Nf6 2. Nf3 d5 3. g3 Bg4 4. Bg2 Nbd7 5. O-O e6 6. c4 c6 7.
Nc3 dxc4 8. Nd2 Nb6 9. Nde4 Nfd5 10. h3 Bh5 11. a4 a5 12. Qc2 Bg6 13. Qd1 Be7 14.
b3 cxb3 15. Qxb3 Nb4 16. Rd1 O-O 17. Bf4 N6d5 18. Nxd5 exd5 19. Nc5 Bc2 20. Qc3 Bxd1 21. Rxd1 Bxc5 22. dxc5 Re8 23. e4 Qf6 24. Qxf6 gxf6 25. exd5 Nxd5 26. Bxd5 cxd5 27. Rxd5 Re4 28. Rd7 Rxa4 29.
Rxb7 Rc4 30. Bd6 a4 31. Rb6 a3 32. c6 a2 0-1

[Event "*** Titled Tuesday Blitz"]
[Site "Chess.com"]
[Date "2021.02.09"]
[Round "9"]
[White "chessmadara"]
[Black "ridnani2021"]
[Result "0-1"]
[WhiteElo "2165"]
[BlackElo "2340"]
[TimeControl "180+1"]
[EndTime "11:42:39 PST"]
[Termination "ridnani2021 won by resignation"]

1. e4 c5 2. Nf3 d6 3. d4 cxd4 4. Nxd4 Nf6 5. Nc3 a6 6. Be2 e5 7. Nb3 Be7 8. Bg5 Be6 9. Bxf6 Bxf6 10. Qd3 Be7 11. O-O-O Nd7 12. Kb1 O-O 13. g4 b5 14.
h4 Nb6 15. Qg3 b4 16. Nd5 Bxd5 17. exd5 a5 18. h5 a4 19. Nc1 Bg5 20. h6 Bxh6 21. Rxh6 gxh6 22. Rh1 Qg5 23. Rh5 Qg7 24. g5 Nxd5 25.
Rxh6 Nf4 26. Bf3 Rac8 27. Be4 Ng6 28. Nd3 b3 29. axb3 axb3 30. cxb3 Rfd8 31. Bd5 Rc7 32. f4 exf4 33. Nxf4 Nxf4 34. Qxf4 Qe5 35. Qd2 Qf5+ 0-1

[Event "*** Titled Tuesday Blitz"]
[Site "Chess.com"]
[Date "2021.02.09"]
[Round "9"]
[White "MPGM"]
[Black "bocah_sakit"]
[Result "0-1"]
[WhiteElo "2621"]
[BlackElo "2845"]
[TimeControl "180+1"]
[EndTime "11:42:43 PST"]
[Termination "bocah_sakit won by checkmate"]

1. c4 Nf6 2. Nc3 g6 3. e4 d6 4. d4 Bg7 5. h3 O-O 6. Be3 c5 7. Nf3 cxd4 8. Nxd4 Nc6 9. Be2 Bd7 10. O-O Nxd4 11.
Bxd4 Bc6 12. Qc2 Nd7 13. Bxg7 Kxg7 14. b4 b6 15. f4 a5 16. a3 Qc7 17. Qd2 Rfc8 18. Nd5 Bxd5 19. exd5 Nf6 20. Qd4 Ra7 21. Rae1 axb4 22. axb4 Ra4 23. g4 Kg8 24. g5 Nd7 25. Bd3 Rxb4 26. Rxe7 Qc5 27. Qxc5 Nxc5 28. f5 Nxd3 29. fxg6 fxg6 30. Rff7 Rb1+ 31. Kh2 Rb2+ 32. Kg3 Ne5 33. Rxh7 Rxc4 34. Reg7+ Kf8 35. Ra7 Rc3+ 36. Kh4 Rb4# 0-1

[Event "*** Titled Tuesday Blitz"]
[Site "Chess.com"]
[Date "2021.02.09"]
[Round "9"]
[White "imdvb6307"]
[Black "ajedrez1101"]
[Result "1-0"]
[WhiteElo "2375"]
[BlackElo "2105"]
[TimeControl "180+1"]
[EndTime "11:42:44 PST"]
[Termination "imdvb6307 won on time"]

1. c4 b6 2. e4 Bb7 3. Nc3 e5 4. Nf3 d6 5. d4 Nd7 6. Qa4 exd4 7. Nxd4 Nf6 8. Nc6 Bxc6 9. Qxc6 a6 10. Bg5 Be7 11. e5 O-O 12. exf6 Bxf6 13. Bxf6 Qxf6 14. Qxd7 Rfe8+ 15. Be2 Qg5 16. O-O Re7 17. Qg4 Qe5 18. Bf3 Rae8 19. Nd5 f5 20. Nxe7+ Rxe7 21. Bd5+ 1-0

[Event "*** Titled Tuesday Blitz"]
[Site "Chess.com"]
[Date "2021.02.09"]
[Round "9"]
[White "niki_2003"]
[Black "YIYUKI"]
[Result "0-1"]
[WhiteElo "2030"]
[BlackElo "2154"]
[TimeControl "180+1"]
[EndTime "11:42:46 PST"]
[Termination "YIYUKI won by resignation"]

1. d4 Nf6 2. c4 e6 3. Nf3 Bb4+ 4.
Bd2 Qe7 5. g3 Nc6 6. Bg2 Bxd2+ 7. Nbxd2 d6 8. Qc2 O-O 9. e4 e5 10. d5 Nb8 11. b4 a5 12. bxa5 Rxa5 13. Nb3 Ra8 14. c5 c6 15. dxc6 Nxc6 16. O-O Bg4 17.
h3 Bxf3 18. Bxf3 Rfd8 19. Rfd1 dxc5 20. Qxc5 Qxc5 21. Nxc5 Nd4 22. Bg2 b6 23. Nb3 Ne2+ 24. Kf1 Nc3 25. Re1 Rxa2 26. Rac1 Na4 27. Ra1 Rxa1 28. Rxa1 b5 29. Ke2 Kf8 30. Ke3 Ke7 31.
Ra2 Rc8 32. Bf1 Rc3+ 33. Ke2 Rxb3 0-1

[Event "*** Titled Tuesday Blitz"]
[Site "Chess.com"]
[Date "2021.02.09"]
[Round "9"]
[White "Natalya_Buksa"]
[Black "Forantes"]
[Result "0-1"]
[WhiteElo "2551"]
[BlackElo "2408"]
[TimeControl "180+1"]
[EndTime "11:42:49 PST"]
[Termination "Forantes won by resignation"]

1. d4 Nf6 2. Nc3 d5 3. Bf4 g6 4. e3 Bg7 5. h4 h5 6. Nf3 O-O 7. Ne5 c5 8. Be2 Nc6 9. Qd2 Nd7 10. Nxc6 bxc6 11. g4 hxg4 12. Bxg4 cxd4 13. exd4 e5 14. dxe5 Nxe5 15. Be2 Rb8 16. h5 Rxb2 17. Bxe5 Bxe5 18.
hxg6 fxg6 19. O-O-O Bf4 20. Kxb2 Bxd2 21. Rxd2 Qb6+ 22.
Kc1 Bf5 23. Bf3 Rb8 24. Kd1 Qb2 25. Nxd5 cxd5 26. Bxd5+ Kg7 27. c4 Qb1+ 28. Ke2 Re8+ 29. Kf3 Qxh1+ 0-1

[Event "*** Titled Tuesday Blitz"]
[Site "Chess.com"]
[Date "2021.02.09"]
[Round "9"]
[White "Trickster_Pony"]
[Black "MuhittinBuker"]
[Result "0-1"]
[WhiteElo "1489"]
[BlackElo "2054"]
[TimeControl "180+1"]
[EndTime "11:42:50 PST"]
[Termination "MuhittinBuker won by checkmate"]

1. c4 Nf6 2. g3 e6 3. Bg2 Be7 4. Nf3 d5 5. b3 O-O 6. O-O c5 7. Bb2 d4 8. e3 Nc6 9. exd4 cxd4 10. d3 e5 11. Nbd2 Bf5 12. Ne4 Nxe4 13. dxe4 Be6 14.
Ne1 a5 15. Nd3 f6 16. f4 Nb4 17. f5 Nxd3 18. Qxd3 Bf7 19. a4 b6 20. Ba3 Bxa3 21.
Rxa3 Qd6 22. Ra2 Qb4 23. h4 Bh5 24. Bf3 Bxf3 25. Rxf3 Rfd8 26. Rg2 Kh8 27. Kh2 Rac8 28. g4 b5 29. axb5 a4 30. g5 axb3 31. gxf6 gxf6 32. Qxb3 Rxc4 33. Rb2 Qe1 34. Qd3 Qxh4+ 35. Kg2 Rg8+ 36. Kf1 Rc1+ 37. Ke2 Qe1# 0-1

[Event "*** Titled Tuesday Blitz"]
[Site "Chess.com"]
[Date "2021.02.09"]
[Round "9"]
[White "Chesswizard_2007"]
[Black "Zhigalko_Sergei"]
[Result "0-1"]
[WhiteElo "2677"]
[BlackElo "2885"]
[TimeControl "180+1"]
[EndTime "11:42:54 PST"]
[Termination "Zhigalko_Sergei won by resignation"]

1. e4 c5 2. Nf3 Nc6 3. Nc3 Nf6 4. g3 e5 5. Bg2 Be7 6. O-O O-O 7. d3 d6 8. Re1 h6 9. h3 Be6 10. a3 Qd7 11. Rb1 Bxh3 12. b4 Bg4 13. Ne2 Nd4 14. Nfxd4 cxd4 15. f3 Be6 16. c4 b5 17. cxb5 Qxb5 18.
a4 Qd7 19. b5 d5 20. Bb2 a6 21. f4 dxe4 22. dxe4 axb5 23. fxe5 Ng4 24. Nxd4 Bc5 25. Rc1 Bb6 26. Rc6 Qxc6 27. a5 Rxa5 28. Qf3 Rd8 29.
Kh1 Bxd4 30. Bxd4 Rxd4 31. Rf1 Ra8 32. Bh3 Nxe5 33. Bxe6 Nxf3 34. Bd7 Qxd7 0-1

[Event "*** Titled Tuesday Blitz"]
[Site "Chess.com"]
[Date "2021.02.09"]
[Round "9"]
[White "maximnovik"]
[Black "Mihnea2017"]
[Result "0-1"]
[WhiteElo "2560"]
[BlackElo "2418"]
[TimeControl "180+1"]
[EndTime "11:42:55 PST"]
[Termination "Mihnea2017 won by resignation"]

1. Nf3 c5 2. g3 Nc6 3. Bg2 g6 4.
O-O Bg7 5. c4 e6 6. e3 Nge7 7. d4 cxd4 8. exd4 d5 9. cxd5 Nxd5 10.
Nc3 Nce7 11. Ne4 O-O 12. h4 Nf5 13. h5 Bd7 14. hxg6 hxg6 15. Bg5 Qb6 16. Nc5 Bc6 17. Rc1 Rac8 18. Qd2 Qb4 19. Qe2 Bb5 20. Qe4 Bxf1 21. Bxf1 Nxd4 22. Nxd4 Qxd4 23. Qxd4 Bxd4 0-1

[Event "*** Titled Tuesday Blitz"]
[Site "Chess.com"]
[Date "2021.02.09"]
[Round "9"]
[White "KarateBaby"]
[Black "markowskitomasz"]
[Result "0-1"]
[WhiteElo "2405"]
[BlackElo "2597"]
[TimeControl "180+1"]
[EndTime "11:42:56 PST"]
[Termination "markowskitomasz won by resignation"]

1. b3 c5 2. Bb2 Nf6 3. e3 g6 4.
Bxf6 exf6 5. c4 Bg7 6. Nc3 O-O 7. g3 Nc6 8. Bg2 d6 9. Nge2 h5 10. h4 Ne5 11. d4 Ng4 12. O-O Rb8 13. Qd2 b6 14.
Rfd1 Be6 15. Nf4 f5 16. Rac1 cxd4 17. exd4 Re8 18. Re1 Qf6 19. Rcd1 a6 20. Ncd5 Qd8 21. Nc3 b5 22. d5 Bd7 23. Nfe2 bxc4 24. bxc4 Qb6 25. Bf3 Qxf2+ 0-1

[Event "*** Titled Tuesday Blitz"]
[Site "Chess.com"]
[Date "2021.02.09"]
[Round "9"]
[White "davigator"]
[Black "AttackSparrow"]
[Result "0-1"]
[WhiteElo "2362"]
[BlackElo "2485"]
[TimeControl "180+1"]
[EndTime "11:42:57 PST"]
[Termination "AttackSparrow won by resignation"]

1. e4 c5 2. Nf3 e6 3. d4 cxd4 4. Nxd4 Nc6 5. Nc3 Qc7 6. Be3 a6 7. f3 Nf6 8. Qd2 Ne5 9. a3 b5 10.
O-O-O b4 11. axb4 Bxb4 12. Nb3 a5 13. Qd4 Bxc3 14. Qxc3 Qxc3 15. bxc3 d5 16. Bd4 Ned7 17. e5 Ng8 18. c4 Bb7 19. c5 Bc6 20. c4 Ne7 21.
Kc2 a4 22. Nd2 Nf5 23. Kc3 a3 24. Bd3 Nxd4 25. Kxd4 O-O 26. Ra1 Rfd8 27. f4 Nb8 28.
Nb3 dxc4+ 29. Kxc4 Bd5+ 30. Kb4 Bxb3 31. Be4 Bd5 32.
Rhd1 Nc6+ 33. Kc3 Bxe4 34. Rxd8+ Nxd8 35. g4 Bd5 36. Kb4 Nc6+ 37. Kb5 a2 38. Kb6 Rb8+ 39.
Kc7 Rb1 0-1

[Event "*** Titled Tuesday Blitz"]
[Site "Chess.com"]
[Date "2021.02.09"]
[Round "9"]
[White "Fusikk"]
[Black "ehrenfeld"]
[Result "0-1"]
[WhiteElo "2620"]
[BlackElo "2528"]
[TimeControl "180+1"]
[EndTime "11:43:00 PST"]
[Termination "ehrenfeld won by checkmate"]

1. d4 Nf6 2. c4 e6 3. Nf3 Bb4+ 4.
Bd2 a5 5. g3 d6 6. Bg2 Nbd7 7.
O-O e5 8. Nc3 O-O 9. Qc2 Re8 10.
e4 exd4 11. Nxd4 Ne5 12. b3 Bc5 13. Nf3 Nxf3+ 14. Bxf3 Ng4 15. h3 Ne5 16. Bg2 c6 17. Rae1 Qf6 18. Qd1 Qg6 19. Kh2 h5 20. Qe2 Qh7 21.
f4 Bg4 22. Bf3 Nxf3+ 23. Rxf3 f5 24. hxg4 hxg4+ 25. Kg2 Qh3# 0-1

[Event "*** Titled Tuesday Blitz"]
[Site "Chess.com"]
[Date "2021.02.09"]
[Round "9"]
[White "NovikovaGalina"]
[Black "NiranjanNavalgund"]
[Result "0-1"]
[WhiteElo "2385"]
[BlackElo "2509"]
[TimeControl "180+1"]
[EndTime "11:43:00 PST"]
[Termination "NiranjanNavalgund won by checkmate"]

1. e4 e5 2. Nf3 Nc6 3. d4 exd4 4. Nxd4 Bc5 5. Nb3 Bb6 6. Nc3 Nf6 7. Qe2 O-O 8. Be3 Re8 9. f3 d5 10. O-O-O d4 11. Bg5 Qe7 12. Nd5 Qe5 13. Bxf6 gxf6 14. Qd2 Be6 15. f4 Qd6 16. Nxf6+ Kh8 17. Nxe8 Rxe8 18.
Bd3 a5 19. Kb1 a4 20. Nc1 Ba5 21. Qf2 Bc3 22. bxc3 dxc3 23. Bc4 Qa3 24. Nd3 Bxc4 25. Qh4 Bxa2+ 26. Ka1 Bb3+ 27. Kb1 Qa2+ 28. Kc1 Qxc2# 0-1

[Event "*** Titled Tuesday Blitz"]
[Site "Chess.com"]
[Date "2021.02.09"]
[Round "9"]
[White "MillyNeuf"]
[Black "ailime26"]
[Result "1-0"]
[WhiteElo "2323"]
[BlackElo "2122"]
[TimeControl "180+1"]
[EndTime "11:43:01 PST"]
[Termination "MillyNeuf won by checkmate"]

1. e4 c5 2. Nc3 Nc6 3. g3 g6 4. Bg2 Bg7 5. d3 b6 6. Be3 Bb7 7. Qd2 e6 8. Nge2 Nge7 9. Bh6 O-O 10. h4 f5 11. h5 Kf7 12. hxg6+ hxg6 13. Bxg7 Kxg7 14. Qh6+ Kf7 15. Qh7+ Ke8 16. Nb5 d6 17. Nf4 Qd7 18. Nxg6 Nxg6 19. Qxg6+ Kd8 20. Rh7 Ne7 21.
Qg7 Re8 22. Nc3 d5 23. O-O-O fxe4 24. dxe4 d4 25. Ne2 Kc7 26. Nf4 Rad8 27. Ng6 Nxg6 28. Qxg6 Re7 29. Rxe7 Qxe7 30. Rh1 Rd7 31. Rh6 c4 32.
Qxe6 Qb4 33. Qe5+ Kc8 34. Rh8+ Rd8 35. Bh3# 1-0

[Event "*** Titled Tuesday Blitz"]
[Site "Chess.com"]
[Date "2021.02.09"]
[Round "9"]
[White "SHIVACalypso"]
[Black "Fiona"]
[Result "1-0"]
[WhiteElo "2367"]
[BlackElo "2148"]
[TimeControl "180+1"]
[EndTime "11:43:04 PST"]
[Termination "SHIVACalypso won by resignation"]

1. Nf3 Nf6 2. c4 d6 3. g3 Bg4 4. Bg2 e5 5. d3 c6 6. O-O Be7 7. Nc3 O-O 8. Rb1 Qc8 9. b4 Bh3 10. b5 Bxg2 11. Kxg2 h6 12. Qb3 Nbd7 13. a4 Nc5 14.
Qc2 Re8 15. Ba3 Ne6 16. Rb2 Nd4 17. Nxd4 exd4 18. Ne4 Nxe4 19. dxe4 c5 20. Rb3 h5 21. e3 Bf6 22. Bb2 h4 23. Rd1 h3+ 24. Kg1 Qg4 25. exd4 Bxd4 26. Bxd4 cxd4 27. Rxd4 Rac8 28. Re3 Re5 29. Qd3 Rec5 30. e5 dxe5 31. Rxg4 1-0

[Event "*** Titled Tuesday Blitz"]
[Site "Chess.com"]
[Date "2021.02.09"]
[Round "9"]
[White "PotapovaM"]
[Black "Ghost_Pepper"]
[Result "1-0"]
[WhiteElo "2625"]
[BlackElo "2402"]
[TimeControl "180+1"]
[EndTime "11:43:05 PST"]
[Termination "PotapovaM won by checkmate"]

1. e4 c5 2. Nf3 d6 3. d4 cxd4 4. Nxd4 Nf6 5. Nc3 a6 6. Be3 e5 7. Nb3 Be7 8. f3 Be6 9. Qd2 O-O 10. O-O-O Nbd7 11. g4 b5 12. g5 b4 13. Ne2 Ne8 14. f4 a5 15. f5 Bxb3 16. cxb3 a4 17. Kb1 axb3 18. Nc1 Nc7 19. Rg1 Kh8 20. Bc4 Qb8 21.
f6 gxf6 22. gxf6 Nxf6 23. Bh6 Rg8 24. Bxf7 Qb7 25. Bxg8 Qxe4+ 26. Ka1 Rxg8 27. Rxg8+ Nxg8 28. Rg1 Ne6 29. Nxb3 Nf4 30. Bg7# 1-0

[Event "*** Titled Tuesday Blitz"]
[Site "Chess.com"]
[Date "2021.02.09"]
[Round "9"]
[White "VMikhalevski"]
[Black "Mikhail_Golubev"]
[Result "1-0"]
[WhiteElo "2704"]
[BlackElo "2530"]
[TimeControl "180+1"]
[EndTime "11:43:06 PST"]
[Termination "VMikhalevski won by resignation"]

1. Nf3 d6 2. d4 Nf6 3. g3 g6 4. Bg2 Bg7 5. b3 O-O 6. Bb2 Nbd7 7. O-O c6 8. a4 a5 9. Na3 d5 10. c4 Re8 11. Rc1 dxc4 12. bxc4 Ne4 13. Qc2 Ndf6 14.
Ne5 Nd6 15. e4 Rf8 16. c5 Nde8 17. Nac4 Nc7 18. Nb6 Rb8 19. Rfd1 Nd7 20. Nec4 Nxb6 21. Nxb6 Na6 22. Bc3 Nb4 23. Qb2 h5 24. Bxb4 axb4 25. Qxb4 h4 26. d5 Qc7 27. d6 exd6 28. cxd6 Qd8 29.
d7 hxg3 30. hxg3 1-0

[Event "*** Titled Tuesday Blitz"]
[Site "Chess.com"]
[Date "2021.02.09"]
[Round "9"]
[White "FairChess_on_YouTube"]
[Black "verdest"]
[Result "1-0"]
[WhiteElo "2934"]
[BlackElo "2515"]
[TimeControl "180+1"]
[EndTime "11:43:07 PST"]
[Termination "FairChess_on_YouTube won by resignation"]

1. c3 Nf6 2. Nf3 d5 3. d4 c5 4.
dxc5 e6 5. b4 a5 6. a3 b6 7. e3 bxc5 8. b5 Bd6 9. c4 Nbd7 10.
Bb2 Bb7 11. Nbd2 O-O 12. Be2 Nb6 13. O-O Qe7 14. Qc2 Rfd8 15. Rad1 Rac8 16. h3 h6 17. Bc3 Ra8 18. Ne5 Bxe5 19. Bxe5 d4 20. exd4 Nfd7 21. dxc5 Nxe5 22. cxb6 Qg5 23. Ne4 Qg6 24. f3 Rxd1 25.
Qxd1 Bxe4 26. fxe4 Qxe4 27. Qd6 Qe3+ 28. Rf2 1-0

[Event "*** Titled Tuesday Blitz"]
[Site "Chess.com"]
[Date "2021.02.09"]
[Round "9"]
[White "andriipalchuk"]
[Black "MergenKakabaev"]
[Result "1-0"]
[WhiteElo "2563"]
[BlackElo "2399"]
[TimeControl "180+1"]
[EndTime "11:43:11 PST"]
[Termination "andriipalchuk won on time"]

1. d4 d5 2. c4 c6 3. Nc3 Nf6 4. cxd5 cxd5 5. Bf4 Nc6 6. Nf3 e6 7. e3 Bd6 8. Bg3 O-O 9. Bd3 Bxg3 10. hxg3 g6 11. O-O Qd6 12. Rc1 Bd7 13. Qe2 Rac8 14.
Rfd1 Rfd8 15. a3 Na5 16. Ne5 Be8 17. f4 Nb3 18. Rb1 Rc7 19. g4 Kg7 20. g5 Ng8 21. g4 Qe7 22. Kg2 Rdc8 23. Rh1 h6 24. gxh6+ Nxh6 25. g5 Nf5 26. Bxf5 exf5 27. Qf3 Bc6 28. Qh3 1-0

[Event "*** Titled Tuesday Blitz"]
[Site "Chess.com"]
[Date "2021.02.09"]
[Round "9"]
[White "Michaelson_11"]
[Black "Sokoloco"]
[Result "0-1"]
[WhiteElo "2277"]
[BlackElo "2453"]
[TimeControl "180+1"]
[EndTime "11:43:11 PST"]
[Termination "Sokoloco won by resignation"]

1. e4 g6 2. d4 Bg7 3. Nc3 d6 4. f4 Nf6 5. Nf3 O-O 6. Bd3 Nc6 7. O-O Bg4 8. Be3 e5 9. fxe5 dxe5 10. d5 Nd4 11. Bxd4 exd4 12. Ne2 Re8 13. Ng3 c5 14. h3 Bxf3 15. Qxf3 Qe7 16. Rae1 Nd7 17.
Bb5 Ne5 18. Qf4 Rf8 19. c3 d3 20. Re3 c4 21. b3 cxb3 22. axb3 Qc5 23. Bxd3 Nxd3 24. Qf3 Ne5 25. Qe2 Bh6 0-1

[Event "*** Titled Tuesday Blitz"]
[Site "Chess.com"]
[Date "2021.02.09"]
[Round "9"]
[White "Chandradi"]
[Black "DarZay"]
[Result "1-0"]
[WhiteElo "2330"]
[BlackElo "2152"]
[TimeControl "180+1"]
[EndTime "11:43:12 PST"]
[Termination "Chandradi won by checkmate"]

1. Nf3 Nf6 2. g3 d5 3. Bg2 e6 4. b3 Be7 5. Bb2 c5 6. O-O O-O 7. e3 Nc6 8. d4 Ne4 9. dxc5 Bxc5 10. a3 a5 11. Nbd2 f5 12. Qe2 b6 13. Rfd1 Qe7 14. c4 Ba6 15. Ne5 Nxe5 16. Bxe5 Rad8 17. Nxe4 fxe4 18.
Bb2 e5 19. Qh5 Qf6 20. Bxe5 Qxf2+ 21. Kh1 Rf5 22. Qh4 g5 23. Qh6 Rxe5 24. Rf1 Qxe3 25. Bh3 Rde8 26. Rae1 Qd4 27. Rf7 Kxf7 28. Qxh7+ Kf6 29.
Rf1+ Qf2 30. Rxf2+ Bxf2 31. Qh6+ Kf7 32. Qh7+ Kf8 33.
cxd5 e3 34. Be6 R5xe6 35. dxe6 e2 36. Qf7# 1-0

[Event "*** Titled Tuesday Blitz"]
[Site "Chess.com"]
[Date "2021.02.09"]
[Round "9"]
[White "alejogarcia1999"]
[Black "kidagent"]
[Result "0-1"]
[WhiteElo "2423"]
[BlackElo "2284"]
[TimeControl "180+1"]
[EndTime "11:43:21 PST"]
[Termination "kidagent won by resignation"]

1. Nf3 Nf6 2. g3 d5 3. Bg2 Bf5 4. O-O e6 5. c4 c6 6. cxd5 exd5 7. d3 Be7 8. Nc3 O-O 9. Nd4 Bg6 10. e4 c5 11. Nf5 d4 12. Nxe7+ Qxe7 13. Nd5 Nxd5 14. exd5 Bf5 15. Re1 Qd7 16. Qb3 Na6 17. Bf4 Nb4 18.
Rad1 a5 19. a3 a4 20. Qc4 b5 21. Qxc5 Nxd3 22. Rxd3 Bxd3 23. Qxd4 Bg6 24. d6 Rfe8 25. Rd1 Rac8 26. h4 Rc4 27. Qd5 Be4 28. Bxe4 Rcxe4 29. Kh2 h6 30. Rc1 Rxf4 31. gxf4 Qg4 32.
Qg2 Qxf4+ 33. Qg3 Qxc1 34. d7 Rd8 35. Qd6 Qxb2 0-1